[Event "EYCC 2017"]
[Site "Mamaia"]
[Date "2017.09.13"]
[Round "8"]
[White "Gasimova, Samra"]
[Black "Sala, Giulia"]
[Result "1-0"]
[ECO "D15"]
[WhiteElo "1578"]
[BlackElo "1532"]
[Annotator "NA RC"]
[PlyCount "97"]
[EventDate "2017.??.??"]
[EventType "swiss"]
[EventCountry "ROU"]
[SourceTitle "playchess.com"]
[Source "ChessBase"]
[SourceQuality "1"]
[TimeControl "40/5400+30:1800+30"]

1. d4 d5 2. Nf3 Nf6 3. c4 c6 4. Nc3 dxc4 5. e3 b5 6. a4 b4 7. Na2 e6 8. Bxc4 Nbd7 9. Bd2 a5 10. Nc1 c5 11. Nb3 cxd4 12. Nbxd4 Bc5 13. O-O O-O 14. Rc1 Bb7 15. Qe2 Nb6 16. Bxe6 Bxd4 17. Nxd4 fxe6 18. Nxe6 Qd5 19. Nf4 Qd7 20. Rfd1 Qxa4 21. Ne6 Rfc8 22. Nc7 Ra7 23. Be1 Bxg2 24. Nb5 Bf3 25. Rxc8+ Nxc8 26. Rd8+ Kf7 27. Qc4+ Bd5 28. Rxd5 Nxd5 29. Qxd5+ Ke8 30. Nxa7 Nxa7 31. Qa8+ Ke7 32. Qxa7+ Kf6 33. Qb6+ Kf7 34. Qc7+ Kf6 35. Qd6+ Kf7 36. Qd5+ Kf6 37. f4 Qa1 38. Qd2 Qb1 39. Kf1 Qe4 40. Qd4+ Kf5 41. Qxe4+ Kxe4 42. Ke2 h5 43. b3 g6 44. Bh4 Kd5 45. Kd3 Kc5 46. Bd8 Kb5 47. e4 a4 48. bxa4+ Kxa4 49. Bf6 1-0

[Event "EYCC 2017"]
[Site "Mamaia"]
[Date "2017.09.13"]
[Round "8"]
[White "Shvedova, Alexandra"]
[Black "Pawicka, Magdalena"]
[Result "1-0"]
[ECO "C54"]
[WhiteElo "1578"]
[BlackElo "1826"]
[Annotator "NA RC"]
[PlyCount "89"]
[EventDate "2017.??.??"]
[EventType "swiss"]
[EventCountry "ROU"]
[SourceTitle "playchess.com"]
[Source "ChessBase"]
[SourceQuality "1"]
[TimeControl "40/5400+30:1800+30"]

1. e4 e5 2. Nf3 Nc6 3. Bc4 Bc5 4. c3 Nf6 5. d4 exd4 6. e5 d5 7. Bb5 Ne4 8. cxd4 Bb6 9. Nc3 O-O 10. Be3 Bg4 11. h3 Bh5 12. Qa4 Nxc3 13. bxc3 Ne7 14. Bd3 Bg6 15. Qc2 Qd7 16. a4 c6 17. O-O Bxd3 18. Qxd3 Qf5 19. Qe2 Ng6 20. Nh2 Bc7 21. g4 Qd7 22. f4 f5 23. Qg2 Rf7 24. Qg3 Qe7 25. Nf3 Raf8 26. Ng5 fxg4 27. Nxf7 Qxf7 28. hxg4 Ne7 29. f5 Qe8 30. Ra2 Kh8 31. Qh4 Ng8 32. Rh2 h6 33. g5 Bd8 34. Qh3 g6 35. f6 h5 36. Rhf2 Qf7 37. e6 Qc7 38. Bf4 Qh7 39. Bd6 Nxf6 40. gxf6 Rxf6 41. Be5 Qh6 42. Bxf6+ Bxf6 43. Rxf6 Qg5+ 44. Kh1 b5 45. e7 1-0

[Event "EYCC 2017"]
[Site "Mamaia"]
[Date "2017.09.13"]
[Round "8"]
[White "Chicarosie, Ioana-Bianca"]
[Black "Tokarz, Izabela"]
[Result "1/2-1/2"]
[ECO "D02"]
[WhiteElo "1565"]
[BlackElo "1324"]
[Annotator "NA RC"]
[PlyCount "153"]
[EventDate "2017.??.??"]
[EventType "swiss"]
[EventCountry "ROU"]
[SourceTitle "playchess.com"]
[Source "ChessBase"]
[SourceQuality "1"]
[TimeControl "40/5400+30:1800+30"]

1. d4 d5 2. Nf3 e6 3. Bf4 f5 4. e3 c6 5. c4 Nf6 6. Nc3 Bd6 7. c5 Bc7 8. Bxc7 Qxc7 9. Ne5 O-O 10. Be2 Nbd7 11. f4 Ne4 12. Nxe4 fxe4 13. O-O Qd8 14. Bg4 Nf6 15. Bh3 Qe7 16. b4 Bd7 17. Qe2 Be8 18. g4 Nd7 19. Bg2 Nxe5 20. fxe5 Bg6 21. Rxf8+ Rxf8 22. a4 Qh4 23. b5 h5 24. h3 Be8 25. Rf1 Rxf1+ 26. Kxf1 hxg4 27. hxg4 Qd8 28. Qb2 cxb5 29. axb5 Qd7 30. b6 a5 31. Ke2 a4 32. Kd2 Qe7 33. Kc3 Qh4 34. Qe2 Kh7 35. Kb4 Kg6 36. Bf1 Qg3 37. Bg2 Bc6 38. Bf1 Kg5 39. Ka3 Qxg4 40. Qxg4+ Kxg4 41. Be2+ Kg3 42. Bd1 Bd7 43. Bxa4 Bc8 44. c6 bxc6 45. Bxc6 Kf2 46. Bd7 Bb7 47. Kb4 Kxe3 48. Kc5 Kd2 49. Kd6 e3 50. Bb5 g5 51. Kc7 Ba8 52. Kb8 Bc6 53. Ba6 e2 54. Bxe2 Kxe2 55. Kc7 Ba8 56. Kb8 g4 57. Kxa8 g3 58. b7 g2 59. b8=Q g1=Q 60. Qb6 Qg8+ 61. Kb7 Ke3 62. Kc7 Qe8 63. Kd6 Ke4 64. Qa7 Ke3 65. Qe7 Qxe7+ 66. Kxe7 Kxd4 67. Kxe6 Kc4 68. Kf6 d4 69. e6 d3 70. e7 d2 71. e8=Q d1=Q 72. Qc8+ Kd3 73. Qd8+ Ke2 74. Qxd1+ Kxd1 75. Kf7 Kd2 76. Kg7 Ke3 77. Kh7 1/2-1/2

[Event "EYCC 2017"]
[Site "Mamaia"]
[Date "2017.09.13"]
[Round "8"]
[White "Giang, Tran Nam"]
[Black "Royal, Shreyas"]
[Result "1-0"]
[ECO "B76"]
[WhiteElo "1561"]
[BlackElo "1700"]
[Annotator "NA RC"]
[PlyCount "119"]
[EventDate "2017.??.??"]
[EventType "swiss"]
[EventCountry "ROU"]
[SourceTitle "playchess.com"]
[Source "ChessBase"]
[SourceQuality "1"]
[TimeControl "40/5400+30:1800+30"]

1. e4 c5 2. Nf3 d6 3. d4 cxd4 4. Nxd4 Nf6 5. Nc3 g6 6. Be3 Bg7 7. f3 O-O 8. Qd2 Nc6 9. O-O-O d5 10. Kb1 dxe4 11. Nxc6 Qxd2 12. Nxe7+ Kh8 13. Rxd2 exf3 14. gxf3 Re8 15. Ned5 Nxd5 16. Nxd5 Bf5 17. Bf2 Rad8 18. Bc4 a6 19. Bb6 Rd6 20. Rdd1 Be6 21. Ba5 Rc8 22. Bb3 Bxd5 23. Bxd5 Rd7 24. Bb3 Re7 25. Rhe1 Rxe1 26. Rxe1 Kg8 27. Re7 Rb8 28. Bxf7+ Kh8 29. Re8+ Rxe8 30. Bxe8 Bd4 31. Bc3 Bxc3 32. bxc3 Kg7 33. Kb2 Kf6 34. Bd7 Ke5 35. Bc8 b6 36. Bxa6 Kf4 37. Bb7 Ke3 38. Be4 Kf2 39. h4 Kg3 40. h5 gxh5 41. Bxh7 h4 42. Bf5 Kxf3 43. Kb3 Kg3 44. Kb4 h3 45. Bxh3 Kxh3 46. Kb5 Kg4 47. Kxb6 Kf4 48. c4 Ke5 49. c5 Ke6 50. c6 Ke7 51. c7 Kd7 52. Kb7 Kd6 53. c8=Q Kd5 54. Qc3 Ke4 55. Kc6 Kf4 56. Kd5 Kg4 57. Ke5 Kg5 58. Qg3+ Kh6 59. Kf6 Kh7 60. Qg7# 1-0

[Event "EYCC 2017"]
[Site "Mamaia"]
[Date "2017.09.13"]
[Round "8"]
[White "Fedorova, Olesya"]
[Black "Svergina, Sofya"]
[Result "0-1"]
[ECO "A46"]
[WhiteElo "1534"]
[BlackElo "1472"]
[Annotator "NA RC"]
[PlyCount "64"]
[EventDate "2017.??.??"]
[EventType "swiss"]
[EventCountry "ROU"]
[SourceTitle "playchess.com"]
[Source "ChessBase"]
[SourceQuality "1"]
[TimeControl "40/5400+30:1800+30"]

1. Nf3 Nf6 2. d4 e6 3. Bg5 d5 4. Nbd2 c5 5. e3 Nc6 6. c3 b6 7. Bd3 h6 8. Bh4 Be7 9. Ne5 Nxe5 10. dxe5 Nd7 11. Bxe7 Qxe7 12. f4 Bb7 13. O-O O-O 14. e4 dxe4 15. Bxe4 Bxe4 16. Nxe4 f6 17. exf6 Nxf6 18. Qe2 Rae8 19. c4 Nd5 20. Qd2 Nf6 21. Nxf6+ Qxf6 22. Rae1 Rd8 23. Qe2 Rfe8 24. b3 Qd4+ 25. Qf2 Kf7 26. g3 Rd6 27. Qxd4 Rxd4 28. Rd1 Red8 29. Rxd4 Rxd4 30. Rf2 Kf6 31. Kg2 Kf5 32. Re2 g5 0-1

[Event "EYCC 2017"]
[Site "Mamaia"]
[Date "2017.09.13"]
[Round "8"]
[White "Markus, Molli Amina"]
[Black "Mustu, Hatice Asli"]
[Result "1/2-1/2"]
[ECO "E19"]
[WhiteElo "1520"]
[BlackElo "1365"]
[Annotator "NA RC"]
[PlyCount "96"]
[EventDate "2017.??.??"]
[EventType "swiss"]
[EventCountry "ROU"]
[SourceTitle "playchess.com"]
[Source "ChessBase"]
[SourceQuality "1"]
[TimeControl "40/5400+30:1800+30"]

1. d4 Nf6 2. Nf3 e6 3. g3 b6 4. Bg2 Bb7 5. O-O Be7 6. c4 O-O 7. Nc3 Ne4 8. Qc2 Nxc3 9. Qxc3 f5 10. Bf4 Bf6 11. Qd2 Nc6 12. d5 Na5 13. Rac1 Ba6 14. b3 Rc8 15. Qd3 Qe7 16. d6 Qe8 17. dxc7 Nc6 18. Bd6 Rf7 19. b4 Bb7 20. b5 Ne7 21. Rfd1 Bb2 22. Ne5 Bxg2 23. Kxg2 Bxe5 24. Bxe5 Ng6 25. Qd6 Nxe5 26. Qxe5 Qe7 27. c5 bxc5 28. Qxc5 Qxc5 29. Rxc5 Re7 30. a4 Kf7 31. a5 d6 32. Rxd6 Rcxc7 33. Rxc7 Rxc7 34. b6 axb6 35. Rxb6 Ra7 36. a6 Kf6 37. f4 h6 38. h4 h5 39. Kf3 g6 40. e3 Rc7 41. Rb7 Rc2 42. Rb8 Ra2 43. Ra8 Kf7 44. a7 Kg7 45. Re8 Rxa7 46. Rxe6 Ra3 47. Kg2 Ra2+ 48. Kh3 Re2 1/2-1/2

[Event "EYCC 2017"]
[Site "Mamaia"]
[Date "2017.09.13"]
[Round "8"]
[White "Shubenkova, Veronika"]
[Black "Mikheeva, Galina"]
[Result "1/2-1/2"]
[ECO "A80"]
[WhiteElo "1505"]
[BlackElo "1596"]
[Annotator "NA RC"]
[PlyCount "89"]
[EventDate "2017.??.??"]
[EventType "swiss"]
[EventCountry "ROU"]
[SourceTitle "playchess.com"]
[Source "ChessBase"]
[SourceQuality "1"]
[TimeControl "40/5400+30:1800+30"]

1. d4 f5 2. e3 Nf6 3. Bd3 g6 4. Nf3 Bg7 5. O-O e6 6. c3 O-O 7. Nbd2 d6 8. e4 Nh5 9. exf5 gxf5 10. Nc4 Qe8 11. Re1 Qg6 12. Nh4 Qf7 13. Bg5 h6 14. Bd2 Nf6 15. Qe2 Nd5 16. Qf3 Nc6 17. Be2 Kh7 18. Ne3 Nde7 19. Qh5 Qxh5 20. Bxh5 Bf6 21. Nf3 e5 22. dxe5 dxe5 23. Kf1 Be6 24. Ng1 Rad8 25. Red1 Bg5 26. Nf3 Bf6 27. Ng1 f4 28. Nc2 Bf5 29. Rac1 Bg5 30. Nf3 Bf6 31. Ng1 Bg5 32. Nf3 Bd3+ 33. Ke1 Nf5 34. Bg4 Ng7 35. Nb4 Bf6 36. Nxd3 Rxd3 37. Ke2 Rfd8 38. Ne1 R3d6 39. Bf3 Ne6 40. Be4+ Kg7 41. f3 Kf7 42. Nc2 Nc5 43. Be1 Bg5 44. Bxc6 bxc6 45. Nb4 1/2-1/2

[Event "EYCC 2017"]
[Site "Mamaia"]
[Date "2017.09.13"]
[Round "8"]
[White "Zavivaeva, Evelina"]
[Black "Kusakina, Uliana"]
[Result "1-0"]
[ECO "C54"]
[WhiteElo "1406"]
[BlackElo "1157"]
[Annotator "NA RC"]
[PlyCount "123"]
[EventDate "2017.??.??"]
[EventType "swiss"]
[EventCountry "ROU"]
[SourceTitle "playchess.com"]
[Source "ChessBase"]
[SourceQuality "1"]
[TimeControl "40/5400+30:1800+30"]

1. e4 e5 2. Nf3 Nc6 3. Bc4 Bc5 4. c3 Nf6 5. b4 Bb6 6. d3 d6 7. O-O Ne7 8. Nbd2 Ng6 9. Bb3 O-O 10. a4 c6 11. Nc4 Be6 12. Bg5 Bxc4 13. Bxc4 d5 14. exd5 cxd5 15. Bxf6 gxf6 16. Bb3 Kh8 17. Qd2 Rg8 18. Kh1 Qd7 19. Qh6 Rad8 20. a5 Bc7 21. a6 b6 22. c4 d4 23. Rfe1 Qe6 24. g3 Qf5 25. Nh4 Qxd3 26. Rab1 f5 27. Red1 Qe4+ 28. Ng2 Nf4 29. f3 Qxf3 30. Rd2 Nxg2 31. Rxg2 Rg6 32. Qd2 Rdg8 33. Qf2 Qxf2 34. Rxf2 Rf6 35. Rbf1 f4 36. Bc2 Rd8 37. Bd3 Re8 38. Be4 Kg7 39. Kg2 Bd6 40. b5 Rg8 41. Rf3 Kh8 42. h4 Rh6 43. Kh3 f6 44. g4 Be7 45. h5 Rc8 46. Rc1 Bb4 47. Kh4 Bd2 48. Rc2 Be1+ 49. Kh3 Bg3 50. Rc1 Rg8 51. c5 Rc8 52. cxb6 Rxc1 53. b7 Rh1+ 54. Kg2 Rh2+ 55. Kg1 Rh1+ 56. Kxh1 Rxh5+ 57. gxh5 Kg7 58. b8=Q Kh6 59. Qc7 Kg5 60. Qxh7 Kh4 61. Qf5 Be1 62. Rh3# 1-0

[Event "EYCC 2017"]
[Site "Mamaia"]
[Date "2017.09.13"]
[Round "8"]
[White "Bartodziej, Bartosz"]
[Black "Ljepic, Andrej"]
[Result "0-1"]
[ECO "D35"]
[WhiteElo "1402"]
[BlackElo "1616"]
[Annotator "NA RC"]
[PlyCount "88"]
[EventDate "2017.??.??"]
[EventType "swiss"]
[EventCountry "ROU"]
[SourceTitle "playchess.com"]
[Source "ChessBase"]
[SourceQuality "1"]
[TimeControl "40/5400+30:1800+30"]

1. d4 e6 2. c4 d5 3. Nc3 Nf6 4. cxd5 exd5 5. Bg5 Nbd7 6. e3 Be7 7. Bd3 c6 8. Nf3 O-O 9. O-O Re8 10. Qc2 h6 11. Bh4 Ne4 12. Bxe4 dxe4 13. Qxe4 Bf6 14. Bxf6 Nxf6 15. Qc2 Be6 16. Rac1 Qa5 17. Rfe1 Bf5 18. Qd2 Qb6 19. h3 Rad8 20. Na4 Qa6 21. Nc3 Nd7 22. Qe2 Bd3 23. Qd1 c5 24. Qa4 Qg6 25. Qxa7 Ba6 26. Ne5 Nxe5 27. dxe5 Rxe5 28. Red1 Rxd1+ 29. Rxd1 Rg5 30. Qb8+ Kh7 31. g3 Qc2 32. Qd6 Qxb2 33. Qd2 Qxd2 34. Rxd2 b5 35. Rc2 Re5 36. Kg2 Bb7+ 37. Kh2 Ba6 38. g4 b4 39. Na4 c4 40. Nb6 c3 41. Nd7 Rd5 42. Nb6 Rd2 43. Nd5 Rxc2 44. Nxb4 Rb2 0-1

[Event "EYCC 2017"]
[Site "Mamaia"]
[Date "2017.09.13"]
[Round "8"]
[White "Zubkovskaya, Ekaterina"]
[Black "Kirtadze, Anastasia"]
[Result "0-1"]
[ECO "B31"]
[WhiteElo "1399"]
[BlackElo "1193"]
[Annotator "NA RC"]
[PlyCount "86"]
[EventDate "2017.??.??"]
[EventType "swiss"]
[EventCountry "ROU"]
[SourceTitle "playchess.com"]
[Source "ChessBase"]
[SourceQuality "1"]
[TimeControl "40/5400+30:1800+30"]

1. e4 c5 2. Nf3 Nc6 3. Bb5 g6 4. O-O Bg7 5. Re1 Ne5 6. Nc3 e6 7. Be2 a6 8. d3 Nxf3+ 9. Bxf3 d6 10. Be3 e5 11. Nd5 Be6 12. c3 Bxd5 13. exd5 f5 14. d4 e4 15. Be2 b6 16. f3 Ne7 17. Bg5 O-O 18. fxe4 fxe4 19. Bg4 h6 20. Be3 Nf5 21. dxc5 bxc5 22. Qe2 Qe7 23. Rf1 Kh7 24. Bxf5 gxf5 25. Rf2 Rf7 26. Raf1 Raf8 27. Qxa6 Be5 28. Bf4 Bxf4 29. Rxf4 e3 30. Qe2 Qe5 31. R4f3 Re7 32. Re1 f4 33. Qd3+ Kh8 34. Rh3 Rf6 35. b4 cxb4 36. cxb4 Rg7 37. Kh1 Qg5 38. Qe2 Qxd5 39. Rf3 Qe4 40. b5 d5 41. a4 Qxa4 42. Qd3 Qa2 43. Qc3 Qxg2# 0-1

[Event "EYCC 2017"]
[Site "Mamaia"]
[Date "2017.09.13"]
[Round "8"]
[White "Abbasova, Zarifa"]
[Black "Keskinler, Ela"]
[Result "0-1"]
[ECO "C50"]
[WhiteElo "1083"]
[BlackElo "1276"]
[Annotator "NA RC"]
[PlyCount "32"]
[EventDate "2017.??.??"]
[EventType "swiss"]
[EventCountry "ROU"]
[SourceTitle "playchess.com"]
[Source "ChessBase"]
[SourceQuality "1"]
[TimeControl "40/5400+30:1800+30"]

1. e4 e5 2. Nf3 Nc6 3. Bc4 Bc5 4. O-O Nf6 5. d3 d6 6. h3 h6 7. Re1 Na5 8. Bb3 Nxb3 9. axb3 O-O 10. Nbd2 Nh5 11. Nxe5 Qh4 12. d4 Bxd4 13. Nef3 Qxf2+ 14. Kh1 Bxh3 15. Re2 Bxg2+ 16. Kh2 Qg3# 0-1